 Dungeon Crawl Stone Soup version 0.22-a0-292-g0df9d5f48d (webtiles) character file.

12221 Infinimo the Destroyer (level 11, -5/84 HPs)
             Began as a Demonspawn Fire Elementalist on Mar 23, 2018.
             Was a Priest of Vehumet.
             Slain by a centaur warrior (12 damage)
             ... on level 10 of the Dungeon.
             The game lasted 00:31:45 (14890 turns).

Infinimo the Destroyer (DsFE)                      Turns: 14890, Time: 00:31:45

Health: -5/84      AC:  7    Str: 17    XL:     11   Next: 59%
Magic:  12/31      EV: 19    Int: 19    God:    Vehumet [***...]
Gold:   523        SH:  0    Dex: 18    Spells: 5/24 levels left

rFire    . . .     SeeInvis .   b - +7 mace "Feefras" {pain, MP+9 Str+4}
rCold    . . .     Gourm    .   (no shield)
rNeg     . . .     Faith    .   a - +1 robe
rPois    .         Spirit   .   s - +2 helmet of the Untouchables {Str+3}
rElec    .         Reflect  .   (no cloak)
rCorr    .         Harm     .   A - +0 pair of gloves
MR       .....                  (no boots)
Stlth    +++.......             (no amulet)
HPRegen  0.24/turn              (no ring)
MPRegen  0.22/turn              (no ring)

@: agile, very slightly contaminated
A: repulsion field 1, powered by pain 2, spiny 2
a: Renounce Religion


You were on level 10 of the Dungeon.
You worshipped Vehumet.
Vehumet was most pleased with you.
You were hungry.

You visited 2 branches of the dungeon, and saw 11 of its levels.
You also visited: Sewer.

You collected 523 gold pieces.

Inventory:

Hand Weapons
 b - the +7 mace "Feefras" (weapon) {pain, MP+9 Str+4}
   (You found it on level 5 of the Dungeon)

   In the hands of one skilled in necromantic magic, it inflicts extra damage on
   living creatures.
   It affects your strength (+4).
   It affects your magic capacity (+9).
 m - a +2 dagger of venom
Missiles
 d - 306 stones (quivered)
Armour
 a - a +1 robe (worn)
 s - the +2 helmet of the Untouchables (worn) {Str+3}
   (You found it on level 4 of the Dungeon)

   It affects your strength (+3).
 A - a +0 pair of gloves (worn)
Magical Staves
 B - an uncursed staff of wizardry
Wands
 f - a wand of iceblast (15)
Scrolls
 j - a scroll of summoning {unknown}
 k - 3 scrolls of remove curse
 l - 2 scrolls of enchant weapon {unknown}
 n - 3 scrolls of immolation
 p - 4 scrolls of amnesia
 q - a scroll of blinking
 u - 3 scrolls of magic mapping
 y - a scroll of fear
 z - a scroll of enchant armour
Potions
 e - 7 potions of might
 g - a potion of lignification {unknown}
 h - 2 potions of agility
 i - 7 potions of curing
 o - a potion of haste {unknown}
 r - 7 potions of flight {unknown}
 t - 3 potions of heal wounds
 v - a potion of ambrosia {unknown}
 x - a potion of magic {unknown}
Comestibles
 c - 12 rations


   Skills:
 + Level 7.6 Fighting
 - Level 1.7 Dodging
 - Level 1.7 Stealth
 + Level 7.3 Spellcasting
 - Level 10.6 Conjurations
 - Level 10.1 Fire Magic
 * Level 2.1 Air Magic


You had 5 spell levels left.
You knew the following spells:

 Your Spells              Type           Power        Failure   Level  Hunger
a - Flame Tongue          Conj/Fire      #####        1%          1    None
b - Conjure Flame         Conj/Fire      #####...     1%          3    #......
c - Sticky Flame          Conj/Fire      #####...     1%          4    ###....
d - Throw Flame           Conj/Fire      #####.       1%          2    None
e - Fireball              Conj/Fire      #####.....   1%          5    #####..
f - Airstrike             Air            ###.......   11%         4    ###....


Dungeon Overview and Level Annotations

Branches:
Dungeon (10/15)            Temple (1/1) D:7            Lair (0/6) D:10
    Orc (0/2) D:9

Altars:
Ashenzari
Cheibriados
Dithmenos
Elyvilon
Fedhas
Gozag
Hepliaklqana
Kikubaaqudgha
Makhleb
Nemelex Xobeh
Okawaru
Qazlal
Ru
Sif Muna
Trog
Uskayaw
Vehumet
Wu Jian
Xom
Yredelemnul
Zin
The Shining One

Shops:
D:7 (


Innate Abilities, Weirdness & Mutations

You are surrounded by a mild repulsion field. (EV +2)
You sometimes gain power by taking damage.
You are mostly covered in sharp spines.


Message History

Casting: Sticky Flame (safe; 1% risk of failure)
Confirm with . or Enter, or press ? or * to list all spells.
Aiming: Sticky Flame (safe; 1% risk of failure)
Press: ? - help, Shift-Dir - straight line, f/p - centaur warrior
Aim: a centaur warrior (severely wounded, berserk, fast, unusually strong)
The sticky flame hits the centaur warrior.
The centaur warrior is severely wounded.
The centaur warrior is covered in liquid flames!
The centaur warrior burns!
The centaur warrior is struck by your spines.
The centaur warrior hits you!
* * * LOW HITPOINT WARNING * * *
The centaur warrior is struck by your spines.
The centaur warrior hits you!
* * * LOW HITPOINT WARNING * * *
You focus on the pain.
You feel agile all of a sudden.
The centaur warrior is struck by your spines.
The centaur warrior hits you!
You die...

##.....#......P.......
#.......#...P...P....P
#..#.#..#.........P.PP
#.##.##.'......P..).#.
#.#...#.#....#......#.
#.##.##.######.######.
#..###.†.......# #.
#....c.........# #.
##...@.........# #.
###....#####....######.
#......# #...........
#......# #..#####....
#......# #..# ####.
#......# #..# #.
#......#####..# #.
#.............# #.
########......# ##.


You could see a centaur warrior (berserk).

Vanquished Creatures
  The ghost of dricus the Spear-Bearer, a journeyman MfSk of Okawaru (D:10)
  A centaur warrior (D:10)
  The ghost of dricus the Spear-Bearer, a novice MfSk of Okawaru (D:7)
  A skeletal warrior (D:10)
  An unseen horror (D:10)
  The ghost of ciphuk the Ruffian, an amateur TrHu (D:3)
  A troll (D:9)
  A polar bear (D:10)
  3 hippogriffs
  Prince Ribbit (D:5)
  7 yaks
  3 wyverns
  A hungry ghost (D:8)
  Menkaure (D:7)
  4 porcupines (D:10)
  3 ice beasts
  4 orc warriors
  4 black bears (D:10)
  3 phantoms
  2 ogres
  2 wolves (D:10)
  4 sky beasts
  2 centaurs
  6 big kobolds
  A crocodile (D:10)
  5 bullfrogs
  Blork the orc (D:5)
  A water moccasin skeleton (D:5)
  5 scorpions
  A wight (D:10)
  An electric eel (D:10)
  9 crimson imps
  3 howler monkeys
  10 hounds
  4 bullfrog zombies
  5 centaur zombies
  5 orc priests
  A bullfrog skeleton (D:10)
  2 gnoll shamans
  9 orc wizards
  4 iguanas
  Natasha (thrice) (D:3)
  4 worker ants
  A worker ant zombie (D:10)
  10 adders
  9 gnolls
  A shadow imp (D:8)
  7 white imps (D:10)
  2 ufetubi (D:10)
  3 oozes
  An adder zombie (D:8)
  A worm (D:2)
  5 leopard geckos
  26 orcs
  4 giant cockroaches
  5 goblins
  6 hobgoblins
  7 jackals
  23 kobolds
  2 quokkas
  A ball python (D:7)
  9 bats
  11 frilled lizards
  11 rats
  A fungus (Sewer)
  A plant (Sewer)
279 creatures vanquished.

Vanquished Creatures (others)
  35 fungi (D:10)
  13 plants
48 creatures vanquished.

Grand Total: 327 creatures vanquished

Notes
Turn   | Place    | Note
-------+----------+-------------------------------------------
     0 | D:1      | Infinimo the Demonspawn Fire Elementalist began the quest for the Orb.
     0 | D:1      | Reached XP level 1. HP: 13/13 MP: 3/3
   310 | D:1      | Gained mutation: You sometimes gain a little power by taking damage. [demonic ancestry]
   310 | D:1      | Reached XP level 2. HP: 20/20 MP: 3/5
  1147 | D:2      | Reached skill level 1 in Fighting
  1147 | D:2      | Gained mutation: You are surrounded by a mild repulsion field. (EV +2) [demonic ancestry]
  1147 | D:2      | Reached XP level 3. HP: 26/26 MP: 3/6
  2534 | D:3      | Noticed ciphuk's ghost (amateur TrHu)
  2569 | D:2      | Learned a level 3 spell: Conjure Flame
  2610 | D:3      | Gained mutation: You sometimes gain power by taking damage. [demonic ancestry]
  2610 | D:3      | Reached XP level 4. HP: 32/32 MP: 4/7
  3293 | D:3      | Found a bloodstained altar of Trog.
  3919 | D:3      | Noticed Natasha
  3925 | D:3      | Killed Natasha
  3925 | D:3      | Gained mutation: You are partially covered in sharp spines. [demonic ancestry]
  3925 | D:3      | Reached XP level 5. HP: 19/38 MP: 5/8
  4157 | D:3      | Noticed Natasha
  4160 | D:3      | Killed Natasha
  4165 | D:3      | Noticed Natasha
  4173 | D:3      | Killed Natasha
  5324 | D:3      | Killed ciphuk's ghost
  5324 | D:3      | Reached XP level 6. HP: 20/46 MP: 3/10
  5646 | D:4      | Reached XP level 7. HP: 51/51 MP: 5/12
  5740 | D:4      | Found a hazy altar of Hepliaklqana.
  5740 | D:4      | Found a hide-covered altar of Uskayaw.
  5742 | D:4      | Found a blossoming altar of Fedhas.
  5744 | D:4      | Found a sacrificial altar of Ru.
  5745 | D:4      | Found a sparkling altar of Nemelex Xobeh.
  5975 | D:4      | Got a bloodstained helmet
  6015 | D:4      | Found a glowing drain.
  6019 | Sewer    | Entered a sewer
  6129 | Sewer    | Reached skill level 5 in Fire Magic
  6511 | Sewer    | Reached skill level 5 in Conjurations
  6735 | D:4      | Identified the +2 helmet of the Untouchables {Str+3} (You found it on level 4 of the Dungeon)
  6942 | D:5      | Entered Level 5 of the Dungeon
  6992 | D:5      | Noticed Prince Ribbit
  7007 | D:5      | Reached XP level 8. HP: 23/58 MP: 11/13
  7246 | D:5      | Killed Prince Ribbit
  7291 | D:5      | Noticed Blork the orc
  7390 | D:5      | Killed Blork the orc
  7782 | D:5      | Found a white marble altar of Elyvilon.
  7787 | D:5      | Found a stormy altar of Qazlal.
  7844 | D:5      | Got a jewelled mace
  7845 | D:5      | Identified the +7 mace "Feefras" {pain, MP+9 Str+4} (You found it on level 5 of the Dungeon)
  7851 | D:5      | Learned a level 4 spell: Sticky Flame
  7854 | D:5      | Learned a level 2 spell: Throw Flame
  7860 | D:5      | Learned a level 5 spell: Fireball
  8294 | D:6      | Gained mutation: You are mostly covered in sharp spines. [demonic ancestry]
  8294 | D:6      | Reached XP level 9. HP: 52/66 MP: 15/16
  9149 | D:7      | Reached skill level 5 in Spellcasting
  9256 | D:7      | Reached skill level 5 in Fighting
  9380 | D:7      | Found Wuing's Weapon Shoppe.
  9480 | D:7      | Found a staircase to the Ecumenical Temple.
  9493 | Temple   | Entered the Ecumenical Temple
  9597 | Temple   | Became a worshipper of Vehumet
  9859 | D:7      | Noticed Menkaure
  9866 | D:7      | Killed Menkaure
 10075 | D:7      | Noticed dricus's ghost (novice MfSk)
 10107 | D:7      | Killed dricus's ghost
 10276 | D:7      | Found a glowing silver altar of Zin.
 10467 | D:8      | Reached XP level 10. HP: 63/76 MP: 18/18
 10549 | D:8      | Found an opulent altar of Gozag.
 10788 | D:8      | Found an opulent altar of Gozag.
 11656 | D:9      | Found a shattered altar of Ashenzari.
 11776 | D:9      | Reached * piety under Vehumet
 11776 | D:9      | Offered knowledge of Sandblast by Vehumet.
 12454 | D:9      | Found a staircase to the Orcish Mines.
 12566 | D:10     | Entered Level 10 of the Dungeon
 12566 | D:10     | Noticed a centaur warrior
 12901 | D:10     | Noticed dricus's ghost (journeyman MfSk)
 12939 | D:10     | Found a staircase to the Lair.
 13034 | D:10     | Offered knowledge of Sting by Vehumet.
 13039 | D:10     | Reached ** piety under Vehumet
 13118 | D:10     | Reached XP level 11. HP: 83/83 MP: 17/21
 13261 | D:10     | Reached skill level 10 in Conjurations
 13371 | D:10     | Noticed a centaur warrior
 13713 | D:10     | Offered knowledge of Throw Frost by Vehumet.
 13905 | D:10     | Reached *** piety under Vehumet
 13918 | D:10     | Killed an unseen horror
 14309 | D:10     | Noticed a skeletal warrior
 14332 | D:10     | Killed a skeletal warrior
 14332 | D:10     | Reached skill level 10 in Fire Magic
 14383 | D:10     | Killed a centaur warrior
 14641 | D:10     | Offered knowledge of Airstrike by Vehumet.
 14647 | D:10     | Learned a level 4 spell: Airstrike
 14709 | D:10     | Killed dricus's ghost
 14709 | D:10     | Reached skill level 1 in Air Magic
 14890 | D:10     | Slain by a centaur warrior

Vault maps used:
D:1:      dpeg_arrival_central, item_on_display_a
D:2:      first_ration
D:3:      lemuel_doored_altar, uniq_natasha
D:4:      grunt_temple_overflow_open, gup_sewer_entry_bowl
D:5:      minitemple, serial_glass, glass_columns_b, glass_columns_b,
          uniq_blork_the_orc, uniq_prince_ribbit1
D:7:      lemuel_round_altar, minmay_temple_entry_glass, serial_shops, shop,
          uniq_menkaure
D:8:      basic_altar, grunt_pizzeria, amethyst_killhole,
          nicolae_gozag_seed_capital
D:9:      evilmike_ruin_ashenzari, orc_0_dummy
D:10:     minmay_cut_squares, due_lair_maze_entry_diamond, serial_ice,
          serial_ice_j, serial_ice_d, serial_ice_n, serial_ice_h, serial_ice_b,
          serial_ice_c
Temple:   nicolae_temple_x_marks_the_god
Sewer:    kennysheep_pipe_town

Skill      XL: |  1  2  3  4  5  6  7  8  9 10 11 |
---------------+----------------------------------+-----
Fire Magic     | 3 4 5 6 8 9 10 | 10.1
Fighting       | 1 2 3 4 5 6 7 |  7.6
Conjurations   | 2 4 5 6 8 9 10 | 10.6
Spellcasting   | 3 4 5 6 7 |  7.3
Air Magic      | 2 |  2.1
Dodging        | |  1.7
Stealth        | |  1.7

Action                   |  1- 3 |  4- 6 |  7- 9 | 10-12 || total
-------------------------+-------+-------+-------+-------++-------
Melee: Dagger            |     4 |     2 |    49 |       ||    55
       Mace              |       |       |    17 |    13 ||    30
Throw: Stone             |    33 |    59 |    59 |    52 ||   203
 Cast: Flame Tongue      |    66 |   104 |   262 |   358 ||   790
       Conjure Flame     |       |    10 |     4 |    10 ||    24
       Sticky Flame      |       |       |     3 |    29 ||    32
       Airstrike         |       |       |       |     3 ||     3
  Use: Scroll            |     3 |       |    18 |     1 ||    22
       Potion            |       |       |       |     3 ||     3
  Eat: Chunk             |     6 |     7 |     9 |    15 ||    37
       Ration            |       |     1 |     2 |     1 ||     4
Armor: Robe              |     8 |     7 |    29 |    40 ||    84
Dodge: Dodged            |    28 |    23 |    73 |   118 ||   242

Table legend:
 A = Spawn XP
 B = Non-spawn XP
 C = Spawn XP percentage of total XP
 D = Spawn monster count
 E = Non-spawn monster count
 F = Spawn count percentage of total count
 G = Total turns spent on level
                    A         B        C        D         E        F      G
               +---------+---------+-------+---------+---------+-------+---------
         Total |       0 |   17459 |   0.0 |       0 |     277 |   0.0 | 14890
               +---------+---------+-------+---------+---------+-------+---------
           D:1 |       0 |      33 |   0.0 |       0 |      13 |   0.0 |  1069
           D:2 |       0 |      39 |   0.0 |       0 |      14 |   0.0 |  1441
           D:3 |       0 |     639 |   0.0 |       0 |      41 |   0.0 |  3201
           D:4 |       0 |     119 |   0.0 |       0 |       4 |   0.0 |   886
           D:5 |       0 |    1128 |   0.0 |       0 |      23 |   0.0 |   572
           D:6 |       0 |     846 |   0.0 |       0 |      14 |   0.0 |  1352
           D:7 |       0 |    2145 |   0.0 |       0 |      25 |   0.0 |  1093
           D:8 |       0 |    1629 |   0.0 |       0 |      21 |   0.0 |   979
           D:9 |       0 |    2286 |   0.0 |       0 |      23 |   0.0 |  1600
          D:10 |       0 |    8151 |   0.0 |       0 |      75 |   0.0 |  1883
         Sewer |       0 |     444 |   0.0 |       0 |      24 |   0.0 |   699
               +---------+---------+-------+---------+---------+-------+---------
